 Dungeon Crawl Stone Soup version 0.30-a0-726-gd89dcf765f (webtiles) character file.

Game seed: 18424734395040122661

283 scionoferis the Shooter (level 5, -4/39 HPs)
             Began as a Demigod Hexslinger on Jan 29, 2023.
             Slain by an orc
             ... wielding a +0 flail
              (8 damage)
             ... on level 3 of the Dungeon.
             The game lasted 00:07:07 (2301 turns).

scionoferis the Shooter (Demigod Hexslinger)        Turns: 2301, Time: 00:07:08

Health: -4/39      AC:  3    Str: 11    XL:     5   Next: 78%
Magic:  9/9        EV: 13    Int: 21    God:
Gold:   22         SH:  0    Dex: 18    Spells: 5/6 levels left

rFire   . . .      SeeInvis .    a - +1 sling
rCold   . . .      Faith    .    (no shield)
rNeg    . . .      Spirit   .    c - +0 robe
rPois   .          Reflect  .    n - +1 hat
rElec   .          Harm     .    (no cloak)
rCorr   .          Rampage  .    (no gloves)
Will    .....                    (no boots)
Stlth   ++                       (no amulet)
HPRegen 0.26/turn                p - +6 ring of intelligence
MPRegen 0.11/turn                (no ring)

@: no status effects
A: high MP 1, forlorn, divine attributes
a: no special abilities


You were on level 3 of the Dungeon.
You visited 1 branch of the dungeon, and saw 3 of its levels.
You also visited: Sewer.

You collected 61 gold pieces.
You spent 39 gold pieces at shops.


Innate Abilities, Weirdness & Mutations

You have an increased reservoir of magic. (+10% MP)
You shall have no god before yourself.
Your divine heritage dramatically boosts your attributes as you level up.


   Skills:
 - Level 0.8 Fighting
 * Level 4.3 Ranged Weapons
 + Level 3.2 Dodging
 + Level 2.7 Stealth
 - Level 1.0 Spellcasting
 - Level 2.6 Hexes


You had 5 spell levels left.
You knew the following spells:

 Your Spells              Type           Power      Damage    Failure   Level
a - Slow                  Hex            48%        N/A       5%          1

Your spell library contained the following spells:

 Spells                   Type           Power      Damage    Failure   Level
 Scorch                   Fire           2%         2d5       24%         2
 Inner Flame              Hex/Fire       6%         N/A       28%         3
 Portal Projectile        Hex/Tloc       12%        N/A       28%         3
 Cause Fear               Hex            6%         N/A       47%         4
 Flame Wave               Conj/Fire      1%         2d4       85%         4
 Summon Cactus Giant      Summ           0%         N/A       100%        6

Inventory:

Hand Weapons
 a - a +1 sling (weapon)
Missiles
 l - a curare-tipped dart
 q - 4 poisoned darts
Armour
 c - a +0 robe (worn)
 n - a +1 hat (worn)
   (You found it on level 2 of the Dungeon)
Magical Staves
 g - a staff of conjuration
   (You found it on level 1 of the Dungeon)
Jewellery
 o - a ring of fire
   (You found it on level 3 of the Dungeon)
 p - a +6 ring of intelligence (left hand)
   (You found it on level 3 of the Dungeon)
Scrolls
 b - 2 scrolls of poison
 d - a scroll of fear {unknown}
 e - 2 scrolls of teleportation {unknown}
 f - 4 scrolls of identify {unknown}
 i - a scroll of noise {unknown}
 j - a scroll of immolation {unknown}
 k - a scroll of blinking {unknown}
 s - a scroll of brand weapon {unknown}
Potions
 h - 2 potions of magic
 m - a potion of might
 r - 2 potions of curing
 t - a potion of brilliance {unknown}
 u - a potion of invisibility {unknown}

Dungeon Overview and Level Annotations

Branches:
Dungeon (3/15)              Sewer (visited)

Shops:
D:2 !

Annotations:
D:2 Jessica
D:3 Natasha

..... .....
#########....
#..........# .
#..........#
o..##..........#
...'....o......##
#$.h@......# ..##
#..5.......# ###..#
#.5........## ##.....
#########...###..#~.~
#....##...~~~~
#....##.#~~~~÷
#....##..~~~~~
####.....~~~.~
##.).~~~~~~


You could see Natasha, a crimson imp (summoned), a white imp (summoned) and an
orc.


Message History

Found a ring mail.
A bat comes into view.
The bat hits you but does no damage.
You shoot a sling bullet. The sling bullet hits the bat!
You kill the bat!
No target in view!
No target in view!
No target in view!
A ball python comes into view.
You see here 2 red potions.
You shoot a sling bullet. The sling bullet hits the ball python!
You kill the ball python!
No target in view!
No target in view!
m - 2 red potions You see here a ball python corpse.
You now have 17 gold pieces (gained 6).
Found a stone staircase leading down.
You see here a +1 hat.
Unknown command.
Unknown command.
You see here a +1 hat.
n - a +1 hat You start putting on your armour.
You continue putting on your +1 hat. x4
You finish putting on your +1 hat.
You see here 6 stones.
An endoplasm comes into view.
The endoplasm quivers.
You shoot a sling bullet. The sling bullet hits the endoplasm.
The endoplasm is heavily wounded.
You shoot a sling bullet. The sling bullet hits the endoplasm.
You kill the endoplasm!
No target in view!
No target in view!
No target in view!
There is a stone staircase leading up here.
Partly explored, can't reach some items and places.
There is a stone staircase leading down here.
You climb downwards.
You hear the sound of rushing water.
There is an entrance to a sewer on this level.
Hurry and find it before the portal rusts away!
Found a marble ring.
There is a stone staircase leading up here.
o - a ring of fire
There are no items here.
You open the door.
There is an open door here.
A worm comes into view.
Found a tubular ruby ring.
Found a glowing drain.
A ball python comes into view.
You shoot a sling bullet. The sling bullet hits the worm!
The worm is moderately wounded.
You hear an angry hiss.
You shoot a sling bullet.
The sling bullet hits the worm but does no damage.
The worm is moderately wounded.
You shoot a sling bullet.
The sling bullet barely misses the worm.
You shoot a sling bullet.
The sling bullet barely misses the worm.
You shoot a sling bullet. The sling bullet hits the worm!
The worm is heavily wounded.
You shoot a sling bullet.
The sling bullet hits the ball python but does no damage.
You shoot a sling bullet.
The sling bullet closely misses the ball python.
The sling bullet hits the worm.
The worm is severely wounded.
The ball python barely misses you. The ball python misses you.
The ball python completely misses you. The ball python barely misses you.
You shoot a sling bullet.
The sling bullet closely misses the ball python.
The sling bullet hits the worm.
The worm is almost dead.
The ball python bites you. The ball python grabs you.
The ball python constricts you. The ball python bites you.
The ball python constricts you.
You shoot a sling bullet. The sling bullet hits the ball python.
The ball python is heavily wounded.
The ball python closely misses you. The ball python constricts you.
You shoot a sling bullet. The sling bullet hits the ball python!
You kill the ball python!
You shoot a sling bullet.
The sling bullet barely misses the worm.
The worm misses you.
You shoot a sling bullet. The sling bullet hits the worm!
You kill the worm!
No target in view!
p - a +6 ring of intelligence
There are no items here.
You feel clever.
p - a +6 ring of intelligence (left hand)
You see here a ball python corpse.
A kobold comes into view. It is wielding a +0 dagger.
The kobold shouts!
You shoot a sling bullet.
The sling bullet completely misses the kobold.
You shoot a sling bullet. The sling bullet misses the kobold.
You shoot a sling bullet. The sling bullet hits the kobold!
You kill the kobold!
No target in view!
No target in view!
No target in view!
You enter the shallow water.
Moving in this stuff is going to be slow.
A giant cockroach and a rat come into view.
A dart slug comes into view.
You shoot a sling bullet. The sling bullet hits the rat!
You kill the rat!
A worm comes into view.
You shoot a sling bullet. The sling bullet hits the dart slug.
The dart slug is heavily wounded.
You shoot a sling bullet. The sling bullet hits the dart slug.
The dart slug is almost dead.
You shoot a sling bullet.
The sling bullet barely misses the dart slug.
The dart slug launches a dart at you. The slug dart misses you.
You shoot a sling bullet. The sling bullet hits the dart slug.
You kill the dart slug!
You hear the slow rusting of a drain.
You shoot a sling bullet. The sling bullet hits the worm!
The worm is heavily wounded.
You shoot a sling bullet. The sling bullet hits the worm.
The worm is heavily wounded.
You shoot a sling bullet. The sling bullet hits the worm!
You kill the worm!
No target in view!
No target in view!
You enter the shallow water.
Moving in this stuff is going to be slow.
You shoot a sling bullet.
The sling bullet barely misses the giant cockroach.
You shoot a sling bullet.
The sling bullet hits the giant cockroach but does no damage.
You shoot a sling bullet.
The sling bullet hits the giant cockroach but does no damage.
You shoot a sling bullet.
The sling bullet barely misses the giant cockroach.
You shoot a sling bullet.
The sling bullet hits the giant cockroach.
The giant cockroach is severely wounded.
You shoot a sling bullet.
The sling bullet hits the giant cockroach.
You kill the giant cockroach!
No target in view!
There is a glowing drain here.
The world spins around you as you enter the gateway.
You enter a sewer!
Found a gate leading back out of this place.
There is an empty arch of ancient stone here.
You shoot a sling bullet. The sling bullet hits the rat.
You kill the rat!
No target in view!
No target in view!
A rat comes into view.
You shoot a sling bullet.
The sling bullet hits the rat but does no damage.
No target in view!
No target in view!
No target in view!
You enter the shallow water.
Moving in this stuff is going to be slow.
You shoot a sling bullet. The sling bullet hits the rat.
You kill the rat!
No target in view!
No target in view!
There is an empty arch of ancient stone here.
You enter the shallow water.
Moving in this stuff is going to be slow.
A rat comes into view.
You shoot a sling bullet. The sling bullet barely misses the rat.
You shoot a sling bullet. The sling bullet hits the rat.
You kill the rat!
No target in view!
No target in view!
You enter the shallow water.
Moving in this stuff is going to be slow.
An endoplasm comes into view.
You shoot a sling bullet. The sling bullet hits the endoplasm.
You kill the endoplasm!
A ball python comes into view.
You shoot a sling bullet. The sling bullet hits the ball python.
You kill the ball python!
No target in view!
No target in view!
No target in view!
You enter the shallow water.
Moving in this stuff is going to be slow.
A rat comes into view.
You shoot a sling bullet.
The sling bullet hits the rat but does no damage.
You shoot a sling bullet. The sling bullet barely misses the rat.
You shoot a sling bullet. The sling bullet hits the rat.
The rat is heavily wounded.
You shoot a sling bullet.
The sling bullet closely misses the rat.
You shoot a sling bullet. The sling bullet hits the rat!
You kill the rat!
No target in view!
You enter the shallow water.
Moving in this stuff is going to be slow.
You see here a ball python corpse.
You enter the shallow water.
Moving in this stuff is going to be slow.
q - a clear potion
h - 2 fizzy dark potions (gained 1)
An adder and a worm come into view.
You shoot a sling bullet. The sling bullet hits the worm!
The worm is moderately wounded.
The adder hisses angrily.
You shoot a sling bullet.
The sling bullet closely misses the adder.
An endoplasm comes into view.
You shoot a sling bullet.
The sling bullet hits the adder but does no damage.
The adder bites you but does no damage.
You shoot a sling bullet. The sling bullet misses the adder.
The sling bullet hits the worm!
The worm is severely wounded.
The adder bites you but does no damage. The adder bites you.
You shoot a sling bullet.
The sling bullet closely misses the adder.
The sling bullet hits the worm.
The worm is severely wounded.
The adder closely misses you.
You shoot a sling bullet.
The sling bullet closely misses the adder.
The sling bullet hits the worm!
You kill the worm!
The adder misses you. The adder bites you.
Your Ranged Weapons skill increases to level 3!
You shoot a sling bullet.
The sling bullet barely misses the adder.
The sling bullet hits the endoplasm.
The endoplasm is heavily wounded.
The adder closely misses you. The adder bites you.
You shoot a sling bullet. The sling bullet misses the adder.
The sling bullet hits the endoplasm.
You kill the endoplasm!
The adder closely misses you.
You shoot a sling bullet. The sling bullet hits the adder!
The adder is severely wounded.
The adder closely misses you. x2
You shoot a sling bullet.
The sling bullet completely misses the adder.
The adder bites you.
You are poisoned.
The adder poisons you!
You shoot a sling bullet.
The sling bullet barely misses the adder.
You feel sick. The adder bites you. The adder misses you.
You shoot a sling bullet. The sling bullet hits the adder!
You kill the adder!
You feel sick.
No target in view!
No target in view!
You start resting.
You feel sick. x2
You are no longer poisoned.
You start resting.
HP restored.
You enter the shallow water.
Moving in this stuff is going to be slow.
You see here an adder corpse.
You enter the shallow water.
Moving in this stuff is going to be slow.
You enter the shallow water.
Moving in this stuff is going to be slow.
An adder comes into view.
You shoot a sling bullet.
The sling bullet hits the adder but does no damage.
The adder hisses angrily.
A kobold comes into view. It is wielding a +0 club.
You shoot a sling bullet.
The sling bullet barely misses the adder.
You shoot a sling bullet. The sling bullet hits the adder.
The adder is heavily wounded.
The adder bites you but does no damage. The adder bites you.
You shoot a sling bullet.
The sling bullet closely misses the adder.
The sling bullet hits the kobold!
You kill the kobold!
You hear a splash. x2
The adder bites you.
You are poisoned.
The adder poisons you! The adder bites you.
You shoot a sling bullet. The sling bullet hits the adder.
The adder is almost dead.
You feel sick. The adder bites you but does no damage.
You shoot a sling bullet.
The sling bullet barely misses the adder.
You feel sick. The adder closely misses you. The adder misses you.
You shoot a sling bullet. The sling bullet hits the adder.
You kill the adder!
You feel sick.
You have reached level 4!
You start resting.
You feel sick. x2
You are no longer poisoned.
Unknown command.
HP restored.
A kobold and 2 kobold brigands come into view.
A kobold brigand is wielding a +0 dagger and quivering curare-tipped darts.
A kobold brigand is wielding a +0 whip and quivering poisoned darts.
Unknown command.
You shoot a sling bullet.
The sling bullet hits the kobold brigand.
The kobold brigand shouts!
The kobold brigand is lightly wounded.
You hear a shout!
The kobold brigand throws a curare-tipped dart.
The curare-tipped dart misses you.
You enter the shallow water.
Moving in this stuff is going to be slow.
You see here an adder corpse.
You shoot a sling bullet.
The sling bullet barely misses the kobold brigand.
You shoot a sling bullet.
The sling bullet barely misses the kobold brigand.
The kobold brigand throws a curare-tipped dart.
The curare-tipped dart hits you.
You are poisoned.
You have difficulty breathing.
You feel yourself slow down.
You shoot a sling bullet.
The sling bullet hits the kobold brigand.
The kobold brigand is moderately wounded.
You feel very sick.
Unknown command.
You feel better.
Aiming: Slow (safe; 5% risk of failure)
Press: ? - help, Q - select action, (/) - cycle Shift-Dir - straight line, f/p - kobold brigand
Aim: a kobold brigand, wielding a +0 dagger and quivering curare-tipped darts (moderately wounded, chance to affect: 46%)
The kobold brigand seems to slow down.
Aiming: Slow (safe; 5% risk of failure)
Press: ? - help, Q - select action, (/) - cycle Shift-Dir - straight line, f/p - kobold brigand
Aim: a kobold brigand, wielding a +0 dagger and quivering curare-tipped darts (moderately wounded, slow, chance to affect: 46%)
The kobold brigand resists with some effort.
The kobold brigand closely misses you.
You shoot a sling bullet.
The sling bullet hits the kobold brigand but does no damage.
The kobold brigand is moderately wounded.
The kobold brigand hits you but does no damage.
You shoot a sling bullet.
The sling bullet hits the kobold brigand but does no damage.
The kobold brigand is moderately wounded.
The kobold brigand splashes around in the water.
Aiming: Slow (safe; 5% risk of failure)
Press: ? - help, Q - select action, (/) - cycle Shift-Dir - straight line, f - kobold, p - kobold brigand
Aim: a kobold, wielding a +0 dagger (chance to affect: 63%)
The kobold brigand seems to slow down.
You are now empty-handed.
a - a +1 sling (weapon)
The kobold brigand misses you.
Fire: a) +1 sling
Press: ? - help, Q - select action, (/) - cycle Shift-Dir - straight line, f - kobold brigand, p - kobold
Aim: a kobold brigand, wielding a +0 dagger and quivering curare-tipped darts (moderately wounded, slow, 53% to hit)
You shoot a sling bullet.
The sling bullet hits the kobold brigand.
The kobold brigand is heavily wounded.
The kobold hits you but does no damage. The kobold brigand misses you.
Fire: a) +1 sling
Press: ? - help, Q - select action, (/) - cycle Shift-Dir - straight line, f/p - kobold brigand
Aim: a kobold brigand, wielding a +0 dagger and quivering curare-tipped darts (heavily wounded, slow, 53% to hit)
You shoot a sling bullet.
The sling bullet hits the kobold brigand but does no damage.
The kobold brigand is heavily wounded.
The kobold hits you but does no damage. x2
The kobold brigand hits you with a +0 dagger.
Fire: a) +1 sling
Press: ? - help, Q - select action, (/) - cycle Shift-Dir - straight line, f/p - kobold brigand
Aim: a kobold brigand, wielding a +0 dagger and quivering curare-tipped darts (heavily wounded, slow, 53% to hit)
You shoot a sling bullet.
The sling bullet hits the kobold brigand but does no damage.
The kobold brigand is heavily wounded.
The kobold barely misses you. The kobold brigand misses you.
The kobold hits you but does no damage.
Fire: a) +1 sling
Press: ? - help, Q - select action, (/) - cycle Shift-Dir - straight line, f/p - kobold brigand
Aim: a kobold brigand, wielding a +0 dagger and quivering curare-tipped darts (heavily wounded, slow, 53% to hit)
You shoot a sling bullet.
The sling bullet hits the kobold brigand.
The kobold brigand is severely wounded.
You feel yourself speed up. The kobold barely misses you.
The kobold brigand hits you with a +0 dagger.
The kobold hits you with a +0 dagger.
Fire: a) +1 sling
Press: ? - help, Q - select action, (/) - cycle Shift-Dir - straight line, f/p - kobold brigand
Aim: a kobold brigand, wielding a +0 dagger and quivering curare-tipped darts (severely wounded, slow, 53% to hit)
You shoot a sling bullet.
The sling bullet hits the kobold brigand.
The kobold brigand is severely wounded.
The kobold brigand hits you but does no damage.
The kobold hits you but does no damage.
Fire: a) +1 sling
Press: ? - help, Q - select action, (/) - cycle Shift-Dir - straight line, f/p - kobold brigand
Aim: a kobold brigand, wielding a +0 dagger and quivering curare-tipped darts (severely wounded, slow, 53% to hit)
You shoot a sling bullet.
The sling bullet hits the kobold brigand.
The kobold brigand is almost dead.
The kobold closely misses you. The kobold brigand barely misses you.
Fire: a) +1 sling
Press: ? - help, Q - select action, (/) - cycle Shift-Dir - straight line, f/p - kobold brigand
Aim: a kobold brigand, wielding a +0 dagger and quivering curare-tipped darts (almost dead, slow, 53% to hit)
You shoot a sling bullet.
The sling bullet barely misses the kobold brigand.
The kobold splashes around in the water.
The kobold brigand hits you with a +0 dagger.
Fire: a) +1 sling
Press: ? - help, Q - select action, (/) - cycle Shift-Dir - straight line, f/p - kobold brigand
Aim: a kobold brigand, wielding a +0 dagger and quivering curare-tipped darts (almost dead, slow, 53% to hit)
You shoot a sling bullet.
The sling bullet hits the kobold brigand.
The kobold brigand is almost dead.
You hear a shout!
The kobold barely misses you. x2
Fire: a) +1 sling
Press: ? - help, Q - select action, (/) - cycle Shift-Dir - straight line, f/p - kobold brigand
Aim: a kobold brigand, wielding a +0 dagger and quivering curare-tipped darts (almost dead, slow, 53% to hit)
You shoot a sling bullet.
The sling bullet misses the kobold brigand.
The kobold brigand hits you with a +0 dagger.
The kobold misses you.
Fire: a) +1 sling
Press: ? - help, Q - select action, (/) - cycle Shift-Dir - straight line, f/p - kobold brigand
Aim: a kobold brigand, wielding a +0 dagger and quivering curare-tipped darts (almost dead, slow, 53% to hit)
You shoot a sling bullet.
The sling bullet closely misses the kobold brigand.
The kobold hits you but does no damage. The kobold brigand misses you.
Fire: a) +1 sling
Press: ? - help, Q - select action, (/) - cycle Shift-Dir - straight line, f/p - kobold brigand
Aim: a kobold brigand, wielding a +0 dagger and quivering curare-tipped darts (almost dead, slow, 53% to hit)
You shoot a sling bullet.
The sling bullet barely misses the kobold brigand.
The kobold completely misses you.
The kobold brigand hits you with a +0 dagger.
* * * LOW HITPOINT WARNING * * *
Fire: a) +1 sling
Press: ? - help, Q - select action, (/) - cycle Shift-Dir - straight line, f/p - kobold brigand
Aim: a kobold brigand, wielding a +0 dagger and quivering curare-tipped darts (almost dead, slow, 53% to hit)
You shoot a sling bullet.
The sling bullet hits the kobold brigand but does no damage.
The kobold brigand is almost dead.
The kobold splashes around in the water.
The kobold closely misses you.
Fire: a) +1 sling
Press: ? - help, Q - select action, (/) - cycle Shift-Dir - straight line, f/p - kobold brigand
Aim: a kobold brigand, wielding a +0 dagger and quivering curare-tipped darts (almost dead, slow, 53% to hit)
You shoot a sling bullet.
The sling bullet completely misses the kobold brigand.
The kobold brigand closely misses you.
It was a potion of magic.
Magic courses through your body. The kobold brigand closely misses you.
It was a potion of might.
You feel very mighty all of a sudden.
It was a potion of resistance.
You feel protected.
The kobold brigand hits you but does no damage.
The kobold brigand hits you with a +0 dagger.
* * * LOW HITPOINT WARNING * * *
It was a potion of flight.
You feel very buoyant.
You fly up into the air.
The kobold brigand is no longer moving slowly.
The kobold brigand hits you with a +0 whip.
* * * LOW HITPOINT WARNING * * *
It was a potion of heal wounds.
You feel much better.
The kobold brigand completely misses you.
The kobold brigand hits you with a +0 whip!
The kobold brigand hits you with a +0 dagger.
The kobold brigand attacks as you move away!
The kobold brigand hits you with a +0 whip!
* * * LOW HITPOINT WARNING * * *
The kobold brigand throws a poisoned dart.
The poisoned dart hits you!
The kobold brigand throws a curare-tipped dart.
The curare-tipped dart hits you.
Found a gate leading back out of this place.
The kobold brigand throws a curare-tipped dart.
The curare-tipped dart misses you.
The kobold brigand throws a poisoned dart.
The poisoned dart hits you!
You are too injured to fight recklessly!
Fire: a) +1 sling
Press: ? - help, Q - select action, (/) - cycle Shift-Dir - straight line, f/p - kobold brigand
Aim: a kobold brigand, wielding a +0 dagger and quivering curare-tipped darts (almost dead, 53% to hit)
You shoot a sling bullet.
The sling bullet hits the kobold brigand.
You kill the kobold brigand!
You hear a splash.
You hear a splash.
Your Stealth skill increases to level 2!
Fire: a) +1 sling
Press: ? - help, Q - select action, (/) - cycle Shift-Dir - straight line, f - kobold
Aim: a kobold, wielding a +0 dagger (53% to hit)
You shoot a sling bullet.
The sling bullet closely misses the kobold.
Fire: a) +1 sling
Press: ? - help, Q - select action, (/) - cycle Shift-Dir - straight line, f/p - kobold
Aim: a kobold, wielding a +0 dagger (53% to hit)
You shoot a sling bullet.
The sling bullet closely misses the kobold.
Fire: a) +1 sling
Press: ? - help, Q - select action, (/) - cycle Shift-Dir - straight line, f/p - kobold
Aim: a kobold, wielding a +0 dagger (53% to hit)
You shoot a sling bullet.
The sling bullet closely misses the kobold.
Fire: a) +1 sling
Press: ? - help, Q - select action, (/) - cycle Shift-Dir - straight line, f/p - kobold
Aim: a kobold, wielding a +0 dagger (53% to hit)
You shoot a sling bullet.
The sling bullet closely misses the kobold.
Fire: a) +1 sling
Press: ? - help, Q - select action, (/) - cycle Shift-Dir - straight line, f/p - kobold
Aim: a kobold, wielding a +0 dagger (53% to hit)
You shoot a sling bullet.
The sling bullet hits the kobold but does no damage.
Fire: a) +1 sling
Press: ? - help, Q - select action, (/) - cycle Shift-Dir - straight line, f/p - kobold
Aim: a kobold, wielding a +0 dagger (53% to hit)
You shoot a sling bullet. The sling bullet hits the kobold.
The kobold is moderately wounded.
Fire: a) +1 sling
Press: ? - help, Q - select action, (/) - cycle Shift-Dir - straight line, f/p - kobold
Aim: a kobold, wielding a +0 dagger (moderately wounded, 53% to hit)
You shoot a sling bullet.
The sling bullet closely misses the kobold brigand.
The sling bullet barely misses the kobold.
Fire: a) +1 sling
Press: ? - help, Q - select action, (/) - cycle Shift-Dir - straight line, f - kobold brigand
Aim: a kobold brigand, wielding a +0 whip and quivering poisoned darts (53% to hit)
You shoot a sling bullet.
The sling bullet hits the kobold brigand.
The kobold brigand is lightly wounded.
Fire: a) +1 sling
Press: ? - help, Q - select action, (/) - cycle Shift-Dir - straight line, f/p - kobold brigand
Aim: a kobold brigand, wielding a +0 whip and quivering poisoned darts (lightly wounded, 53% to hit)
You shoot a sling bullet.
The sling bullet barely misses the kobold brigand.
Fire: a) +1 sling
Press: ? - help, Q - select action, (/) - cycle Shift-Dir - straight line, f/p - kobold brigand
Aim: a kobold brigand, wielding a +0 whip and quivering poisoned darts (lightly wounded, 53% to hit)
You shoot a sling bullet.
The sling bullet hits the kobold brigand.
The kobold brigand is moderately wounded.
Fire: a) +1 sling
Press: ? - help, Q - select action, (/) - cycle Shift-Dir - straight line, f/p - kobold brigand
Aim: a kobold brigand, wielding a +0 whip and quivering poisoned darts (moderately wounded, 53% to hit)
You shoot a sling bullet.
The sling bullet hits the kobold brigand!
The kobold brigand is heavily wounded.
The kobold brigand throws a poisoned dart.
The poisoned dart hits you!
Fire: a) +1 sling
Press: ? - help, Q - select action, (/) - cycle Shift-Dir - straight line, f/p - kobold brigand
Aim: a kobold brigand, wielding a +0 whip and quivering poisoned darts (heavily wounded, 53% to hit)
You shoot a sling bullet.
The sling bullet hits the kobold brigand but does no damage.
The kobold brigand is heavily wounded.
Fire: a) +1 sling
Press: ? - help, Q - select action, (/) - cycle Shift-Dir - straight line, f/p - kobold brigand
Aim: a kobold brigand, wielding a +0 whip and quivering poisoned darts (heavily wounded, 53% to hit)
You shoot a sling bullet.
The sling bullet closely misses the kobold brigand.
Fire: a) +1 sling
Press: ? - help, Q - select action, (/) - cycle Shift-Dir - straight line, f/p - kobold brigand
Aim: a kobold brigand, wielding a +0 whip and quivering poisoned darts (heavily wounded, 53% to hit)
You shoot a sling bullet.
The sling bullet closely misses the kobold brigand.
Fire: a) +1 sling
Press: ? - help, Q - select action, (/) - cycle Shift-Dir - straight line, f/p - kobold brigand
Aim: a kobold brigand, wielding a +0 whip and quivering poisoned darts (heavily wounded, 53% to hit)
You shoot a sling bullet.
The sling bullet barely misses the kobold brigand.
Fire: a) +1 sling
Press: ? - help, Q - select action, (/) - cycle Shift-Dir - straight line, f/p - kobold brigand
Aim: a kobold brigand, wielding a +0 whip and quivering poisoned darts (heavily wounded, 53% to hit)
You shoot a sling bullet.
The sling bullet hits the kobold brigand.
The kobold brigand is severely wounded.
Fire: a) +1 sling
Press: ? - help, Q - select action, (/) - cycle Shift-Dir - straight line, f/p - kobold brigand
Aim: a kobold brigand, wielding a +0 whip and quivering poisoned darts (severely wounded, 53% to hit)
You shoot a sling bullet.
The sling bullet barely misses the kobold brigand.
The kobold brigand throws a poisoned dart.
The poisoned dart misses you.
Fire: a) +1 sling
Press: ? - help, Q - select action, (/) - cycle Shift-Dir - straight line, f/p - kobold brigand
Aim: a kobold brigand, wielding a +0 whip and quivering poisoned darts (severely wounded, 53% to hit)
You shoot a sling bullet.
The sling bullet closely misses the kobold brigand.
The kobold brigand throws a poisoned dart.
The poisoned dart hits you!
Fire: a) +1 sling
Press: ? - help, Q - select action, (/) - cycle Shift-Dir - straight line, f/p - kobold brigand
Aim: a kobold brigand, wielding a +0 whip and quivering poisoned darts (severely wounded, 53% to hit)
You shoot a sling bullet.
The sling bullet hits the kobold brigand but does no damage.
The kobold brigand is severely wounded.
Fire: a) +1 sling
Press: ? - help, Q - select action, (/) - cycle Shift-Dir - straight line, f/p - kobold brigand
Aim: a kobold brigand, wielding a +0 whip and quivering poisoned darts (severely wounded, 53% to hit)
You shoot a sling bullet.
The sling bullet hits the kobold brigand.
The kobold brigand is severely wounded.
The kobold brigand throws a poisoned dart.
The poisoned dart hits you!
Fire: a) +1 sling
Press: ? - help, Q - select action, (/) - cycle Shift-Dir - straight line, f/p - kobold brigand
Aim: a kobold brigand, wielding a +0 whip and quivering poisoned darts (severely wounded, 53% to hit)
You shoot a sling bullet.
The sling bullet closely misses the kobold brigand.
Careful!
You are starting to lose your buoyancy.
Fire: a) +1 sling
Press: ? - help, Q - select action, (/) - cycle Shift-Dir - straight line, f/p - kobold brigand
Aim: a kobold brigand, wielding a +0 whip and quivering poisoned darts (severely wounded, 53% to hit)
You shoot a sling bullet.
The sling bullet hits the kobold brigand but does no damage.
The kobold brigand is severely wounded.
The kobold brigand throws a poisoned dart.
The poisoned dart barely misses you.
You feel a little less mighty now.
Fire: a) +1 sling
Press: ? - help, Q - select action, (/) - cycle Shift-Dir - straight line, f/p - kobold brigand
Aim: a kobold brigand, wielding a +0 whip and quivering poisoned darts (severely wounded, 53% to hit)
You shoot a sling bullet.
The sling bullet hits the kobold brigand but does no damage.
The kobold brigand is severely wounded.
Fire: a) +1 sling
Press: ? - help, Q - select action, (/) - cycle Shift-Dir - straight line, f/p - kobold brigand
Aim: a kobold brigand, wielding a +0 whip and quivering poisoned darts (severely wounded, 53% to hit)
You shoot a sling bullet.
The sling bullet barely misses the kobold brigand.
The kobold brigand throws a poisoned dart.
The poisoned dart misses you.
Fire: a) +1 sling
Press: ? - help, Q - select action, (/) - cycle Shift-Dir - straight line, f/p - kobold brigand
Aim: a kobold brigand, wielding a +0 whip and quivering poisoned darts (severely wounded, 53% to hit)
You shoot a sling bullet.
The sling bullet closely misses the kobold brigand.
The kobold brigand throws a poisoned dart.
The poisoned dart hits you!
You are poisoned.
The kobold brigand throws a poisoned dart.
The poisoned dart hits you!
Okay, then.
Fire: a) +1 sling
Press: ? - help, Q - select action, (/) - cycle Shift-Dir - straight line, f/p - kobold brigand
Aim: a kobold brigand, wielding a +0 whip and quivering poisoned darts (severely wounded, 53% to hit)
You shoot a sling bullet.
The sling bullet hits the kobold brigand.
The kobold brigand is almost dead.
You float gracefully downwards.
Splash!
You fall into the shallow water.
Moving in this stuff is going to be slow.
You feel very sick.
You hear a shout!
The kobold brigand throws a poisoned dart.
The poisoned dart closely misses you.
Fire: a) +1 sling
Press: ? - help, Q - select action, (/) - cycle Shift-Dir - straight line, f/p - kobold brigand
Aim: a kobold brigand, wielding a +0 whip and quivering poisoned darts (almost dead, 53% to hit)
You shoot a sling bullet.
The sling bullet hits the kobold brigand but does no damage.
The kobold brigand is almost dead.
You feel sick.
Fire: a) +1 sling
Press: ? - help, Q - select action, (/) - cycle Shift-Dir - straight line, f/p - kobold brigand
Aim: a kobold brigand, wielding a +0 whip and quivering poisoned darts (almost dead, 53% to hit)
You shoot a sling bullet.
The sling bullet hits the kobold brigand.
You kill the kobold brigand!
You hear a splash.
You hear a splash.
You feel sick.
Your Ranged Weapons skill increases to level 4!
Your Dodging skill increases to level 3!
You have reached level 5!
Fire: a) +1 sling
Press: ? - help, Q - select action, (/) - cycle Shift-Dir - straight line, f - kobold
Aim: a kobold, wielding a +0 dagger (moderately wounded, 55% to hit)
You shoot a sling bullet.
The sling bullet closely misses the kobold.
You feel sick.
Fire: a) +1 sling
Press: ? - help, Q - select action, (/) - cycle Shift-Dir - straight line, f/p - kobold
Aim: a kobold, wielding a +0 dagger (moderately wounded, 55% to hit)
You shoot a sling bullet.
The sling bullet barely misses the kobold.
You feel sick.
Fire: a) +1 sling
Press: ? - help, Q - select action, (/) - cycle Shift-Dir - straight line, f/p - kobold
Aim: a kobold, wielding a +0 dagger (moderately wounded, 55% to hit)
You shoot a sling bullet. The sling bullet hits the kobold.
You kill the kobold!
You hear a splash.
You feel sick.
You are no longer poisoned.
You start resting.
You start to feel less resistant.
You start resting.
Your resistance to elements expires.
You start resting.
HP restored.
You enter the shallow water.
Moving in this stuff is going to be slow.
You enter the shallow water.
Moving in this stuff is going to be slow.
Things that are here:
a +0 club; 3 stones You enter the shallow water.
Moving in this stuff is going to be slow.
j - a scroll labelled COJAOPSEENE
k - a scroll labelled WAKION DIRPHOMM You enter the shallow water.
Moving in this stuff is going to be slow.
You see here an adder skeleton.
You enter the shallow water.
Moving in this stuff is going to be slow.
Items here: (( ))) ††.
l - a curare-tipped dart;
q - 4 poisoned darts You enter the shallow water.
Moving in this stuff is going to be slow.
You see here an adder skeleton.
You enter the shallow water.
Moving in this stuff is going to be slow.
Things that are here:
a +0 club; 3 stones You enter the shallow water.
Moving in this stuff is going to be slow.
A worm comes into view.
You shoot a sling bullet. The sling bullet hits the worm.
The worm is moderately wounded.
You shoot a sling bullet.
The sling bullet barely misses the worm.
A river rat comes into view.
The river rat twitches its whiskers.
You shoot a sling bullet. The sling bullet hits the worm.
The worm is moderately wounded.
You shoot a sling bullet.
The sling bullet closely misses the river rat.
You shoot a sling bullet.
The sling bullet barely misses the river rat.
The sling bullet hits the worm.
The worm is moderately wounded.
You shoot a sling bullet. The sling bullet hits the river rat.
The river rat is heavily wounded.
You shoot a sling bullet.
The sling bullet closely misses the river rat.
The sling bullet hits the worm!
The worm is severely wounded.
The river rat bites you!
You shoot a sling bullet. The sling bullet hits the river rat.
The river rat is severely wounded.
The river rat bites you but does no damage.
You shoot a sling bullet. The sling bullet hits the river rat.
You kill the river rat!
You shoot a sling bullet. The sling bullet hits the worm!
You kill the worm!
No target in view!
No target in view!
You enter the shallow water.
Moving in this stuff is going to be slow.
You see here a river rat corpse.
You see here a worm corpse.
A worm comes into view.
You shoot a sling bullet. The sling bullet hits the worm.
The worm is moderately wounded.
You shoot a sling bullet. The sling bullet hits the worm.
The worm is heavily wounded.
You shoot a sling bullet. The sling bullet hits the worm!
The worm is almost dead.
You shoot a sling bullet. The sling bullet hits the worm.
You kill the worm!
No target in view!
You enter the shallow water.
Moving in this stuff is going to be slow.
You enter the shallow water.
Moving in this stuff is going to be slow.
You enter the shallow water.
Moving in this stuff is going to be slow.
You see here a worm corpse.
You see here a river rat corpse.
You enter the shallow water.
Moving in this stuff is going to be slow.
You enter the shallow water.
Moving in this stuff is going to be slow.
Things that are here:
a +0 club; 3 stones You enter the shallow water.
Moving in this stuff is going to be slow.
You enter the shallow water.
Moving in this stuff is going to be slow.
You enter the shallow water.
Moving in this stuff is going to be slow.
You enter the shallow water.
Moving in this stuff is going to be slow.
There is an empty arch of ancient stone here.
You enter the shallow water.
Moving in this stuff is going to be slow.
You enter the shallow water.
Moving in this stuff is going to be slow.
A river rat comes into view.
You shoot a sling bullet. The sling bullet hits the river rat!
The river rat is severely wounded.
You shoot a sling bullet.
The sling bullet barely misses the river rat.
You shoot a sling bullet. The sling bullet hits the river rat.
The river rat is severely wounded.
You shoot a sling bullet. The sling bullet hits the river rat.
You kill the river rat!
No target in view!
No target in view!
You enter the shallow water.
Moving in this stuff is going to be slow.
A kobold comes into view. It is wielding a +0 short sword.
The kobold shouts!
The kobold throws a stone.
The stone closely misses you.
You see here a river rat corpse.
The kobold throws a stone.
The stone hits you.
You shoot a sling bullet. The sling bullet hits the kobold!
You kill the kobold!
You hear a splash. x2
No target in view!
No target in view!
You enter the shallow water.
Moving in this stuff is going to be slow.
You see here a river rat corpse.
Things that are here:
a +0 short sword; 3 stones; a kobold corpse You enter the shallow water.
Moving in this stuff is going to be slow.
r - a potion of curing
s - a scroll labelled WOQUDW OPUSTE You enter the shallow water.
Moving in this stuff is going to be slow.
You enter the shallow water.
Moving in this stuff is going to be slow.
r - 2 potions of curing (gained 1)
t - a fuming red potion Partly explored, can't reach some places.
Search for what [Enter for "d:", or ? for help]? sewer Unknown command.
You enter the shallow water.
Moving in this stuff is going to be slow.
Things that are here:
a +0 short sword; 3 stones; a kobold corpse You see here a river rat corpse.
You enter the shallow water.
Moving in this stuff is going to be slow.
There is an empty arch of ancient stone here.
There is a gate leading back out of this place here.
Unknown command.
Welcome back to the Dungeon!
There is a collapsed entrance here.
You enter the shallow water.
Moving in this stuff is going to be slow.
An adder comes into view.
Found 5 gold pieces.
You shoot a sling bullet. The sling bullet hits the adder.
The adder hisses angrily.
The adder is heavily wounded.
You hear a shout!
You shoot a sling bullet. The sling bullet misses the adder.
No target in view!
No target in view!
An orc comes into view. It is wielding a +0 dagger.
You shoot a sling bullet. The sling bullet hits the adder.
The adder is heavily wounded.
You shoot a sling bullet. The sling bullet hits the adder.
The adder is severely wounded.
The adder bites you. The adder bites you but does no damage.
You shoot a sling bullet. The sling bullet misses the adder.
The sling bullet closely misses the orc.
The adder misses you.
Natasha, Servant of Life and Death comes into view.
The adder bites you.
You shoot a sling bullet.
Natasha hisses angrily.
The sling bullet hits the adder!
You kill the adder!
You shoot a sling bullet. The sling bullet hits the orc.
The orc is moderately wounded.
The orc hits you with a +0 dagger.
You shoot a sling bullet. The sling bullet hits the orc.
You kill the orc!
You shoot a sling bullet. The sling bullet barely misses Natasha.
Natasha claws you.
You shoot a sling bullet. The sling bullet hits Natasha.
Natasha is moderately wounded.
Natasha claws you.
Unknown command.
You shoot a sling bullet. The sling bullet barely misses Natasha.
Natasha mumbles some strange words.
You feel disoriented. Natasha claws you.
You shoot a sling bullet.
The sling bullet hits Natasha but does no damage.
Natasha is moderately wounded.
Natasha claws you but does no damage.
You shoot a sling bullet. The sling bullet hits Natasha.
Natasha is heavily wounded.
Natasha claws you.
You shoot a sling bullet. The sling bullet hits Natasha!
You kill Natasha!
Natasha yowls pathetically as she dies!
No target in view!
You start resting.
HP restored.
Found 5 stones.
Items here: ) [ ††.
You now have 22 gold pieces (gained 5).
u - a dark potion
h - 2 potions of magic (gained 1)
You open the door.
There is an open door here.
Found a stone staircase leading down.
There is a stone staircase leading down here.
You open the door.
There is an open door here.
A worm comes into view.
You shoot a sling bullet. The sling bullet hits the worm!
The worm is heavily wounded.
You shoot a sling bullet. The sling bullet hits the worm.
The worm is severely wounded.
You shoot a sling bullet. The sling bullet hits the worm.
You kill the worm!
No target in view!
No target in view!
A bat comes into view.
You shoot a sling bullet.
The sling bullet hits the bat but does no damage.
You shoot a sling bullet. The sling bullet hits the bat.
You kill the bat!
No target in view!
e - 2 scrolls labelled XEEZANOILARR (gained 1)
An orc comes into view. It is wielding a +0 flail.
Natasha, Servant of Life and Death comes into view.
Fire: a) +1 sling
Press: ? - help, Q - select action, (/) - cycle Shift-Dir - straight line, f - Natasha
Aim: Natasha (wandering, hasn't noticed you, 55% to hit)
Okay, then.
You shoot a sling bullet.
The sling bullet closely misses Natasha.
Natasha hisses angrily.
You hear a shout!
Natasha mumbles some strange words.
You shoot a sling bullet. The sling bullet hits Natasha.
Natasha is heavily wounded.
You shoot a sling bullet.
The sling bullet closely misses Natasha.
Fire: a) +1 sling
Press: ? - help, Q - select action, (/) - cycle Shift-Dir - straight line, f/p - Natasha
Aim: Natasha (moderately wounded, 55% to hit)
You shoot a sling bullet.
The sling bullet closely misses Natasha.
Natasha wildly gestures.
You feel troubled. Natasha misses you.
Fire: a) +1 sling
Press: ? - help, Q - select action, (/) - cycle Shift-Dir - straight line, f/p - Natasha
Aim: Natasha (moderately wounded, 55% to hit)
You shoot a sling bullet. The sling bullet misses Natasha.
Natasha claws you.
Fire: a) +1 sling
Press: ? - help, Q - select action, (/) - cycle Shift-Dir - straight line, f/p - Natasha
Aim: Natasha (moderately wounded, 55% to hit)
You shoot a sling bullet.
The sling bullet closely misses Natasha.
Natasha claws you.
Fire: a) +1 sling
Press: ? - help, Q - select action, (/) - cycle Shift-Dir - straight line, f/p - Natasha
Aim: Natasha (moderately wounded, 55% to hit)
You shoot a sling bullet. The sling bullet hits Natasha!
Natasha is almost dead.
Natasha stares at you and mumbles some strange words.
The magic dart hits you. The white imp hits you. The white imp freezes you.
Fire: a) +1 sling
Press: ? - help, Q - select action, (/) - cycle Shift-Dir - straight line, f/p - Natasha
Aim: Natasha (almost dead, 55% to hit)
You shoot a sling bullet.
The sling bullet closely misses Natasha.
The sling bullet closely misses the orc.
Natasha claws you. The white imp barely misses you. Natasha claws you.
Fire: a) +1 sling
Press: ? - help, Q - select action, (/) - cycle Shift-Dir - straight line, f/p - Natasha
Aim: Natasha (almost dead, 55% to hit)
You shoot a sling bullet. The sling bullet misses Natasha.
The orc closely misses you. The white imp hits you. The white imp freezes you.
* * * LOW HITPOINT WARNING * * *
Natasha misses you.
Fire: a) +1 sling
Press: ? - help, Q - select action, (/) - cycle Shift-Dir - straight line, f/p - Natasha
Aim: Natasha (almost dead, 55% to hit)
You shoot a sling bullet. The sling bullet barely misses Natasha.
The orc hits you with a +0 flail.
* * * LOW HITPOINT WARNING * * *
The white imp completely misses you.
Natasha casts a spell.
The orc hits you with a +0 flail!
You die...

Skill      XL: |  1  2  3  4 |
---------------+-------------+-----
Ranged Weapons | 2 3 4 |  4.3
Dodging        | 2 3 |  3.2
Stealth        | 1 2 |  2.7
Fighting       | |  0.8
Spellcasting   | |  1.0
Hexes          | |  2.6

Action                     |  1- 3 |  4- 6 || total
---------------------------+-------+-------++-------
   Fire: Sling             |   135 |    99 ||   234
   Cast: Slow              |       |     3 ||     3
    Use: Potion            |       |     6 ||     6
 Armour: Robe              |    14 |    12 ||    26
  Dodge: Dodged            |    38 |    30 ||    68

Levels and vault maps discovered:
D:1:      nzn_arrival_depleted_hourglass, layout_basic,
          shapermc_ecumenical_altar_mp_highgroup
D:2:      layout_loops_ring, serial_shops, nicolae_square_shop, basic_altar,
          bh_walls_and_bars, uniq_jessica
D:3:      layout_basic, cheibrodos_sewer_entry_drain, uniq_natasha, uniq_sigmund

Notes
Turn   | Place    | Note
-------+----------+-------------------------------------------
     0 | D:1      | scionoferis the Demigod Hexslinger began the quest for the
                  | Orb.
     0 | D:1      | Reached XP level 1. HP: 15/15 MP: 4/4
   104 | D:1      | Reached skill level 2 in Ranged Weapons
   173 | D:1      | Reached skill level 2 in Dodging
   252 | D:1      | Reached XP level 2. HP: 19/22 MP: 5/5
   576 | D:2      | Reached skill level 1 in Stealth
   816 | D:2      | Found Tolofefe's Distillery.
   821 | D:2      | Noticed Jessica
   833 | D:2      | Bought a potion of curing for 39 gold pieces
   901 | D:2      | Reached XP level 3. HP: 18/27 MP: 6/6
  1421 | D:3      | Found a glowing drain.
  1472 | Sewer    | Entered a sewer
  1531 | Sewer    | Reached skill level 3 in Ranged Weapons
  1617 | Sewer    | Reached XP level 4. HP: 24/34 MP: 8/8
  1667 | Sewer    | Noticed a kobold brigand
  1667 | Sewer    | Noticed a kobold brigand
  1703 | Sewer    | Identified a potion of resistance
  1704 | Sewer    | HP: 1/34 [kobold brigand/+0 whip (5)]
  1715 | Sewer    | Killed a kobold brigand
  1716 | Sewer    | Reached skill level 2 in Stealth
  1745 | Sewer    | Killed a kobold brigand
  1746 | Sewer    | Reached skill level 4 in Ranged Weapons
  1746 | Sewer    | Reached skill level 3 in Dodging
  1746 | Sewer    | Reached XP level 5. HP: 13/39 MP: 9/9
  2134 | D:3      | Noticed Natasha
  2143 | D:3      | Killed Natasha
  2289 | D:3      | Noticed Natasha
  2301 | D:3      | Slain by an orc

Vanquished Creatures
  2 kobold brigands (Sewer)
  Natasha (D:3)
  2 river rats (Sewer)
  4 adders (D:2 Sewer D:3)
  6 worms (D:3 Sewer)
  A dart slug (D:3)
  An orc (D:3)
  5 ball pythons (D:1 D:2 D:3 Sewer)
  6 bats (D:1 D:2 D:3)
  5 endoplasms (D:1 D:2 Sewer)
  3 giant cockroaches (D:1 D:2 D:3)
  A goblin (D:1)
  3 hobgoblins (D:1)
  A frilled lizard (D:2)
  10 kobolds (D:1 D:2 D:3 Sewer)
  6 rats (D:2 D:3 Sewer)
57 creatures vanquished.

Table legend: (Time is in decaauts)
 A = Elapsed time spent in this place.
 B = Non-inter-level travel time spent in this place.
 C = Inter-level travel time spent in this place.
 D = Time resting spent in this place.
 E = Time spent auto-exploring this place.
 F = Levels seen in this place.
 G = Mean time per level.
                   A        B        C        D        E       F      G
               +--------+--------+--------+--------+--------+-----+--------+
         Total |   2449 |   2398 |     51 |    226 |   1665 |   4 |  612.2 |
       Dungeon |   1687 |   1636 |     51 |     57 |   1304 |   3 |  562.3 |
         Sewer |    762 |    762 |      0 |    169 |    361 |   1 |  762.0 |
               +--------+--------+--------+--------+--------+-----+--------+

Top non-repeatable levels by time:
     D:2: 862 daAuts
   Sewer: 762 daAuts
     D:1: 570 daAuts
     D:3: 254 daAuts

Table legend:
 A = Non-vault XP
 B = Vault XP
 C = Vault XP percentage of total XP
 D = Non-vault monster count
 E = Vault monster count
 F = Vault count percentage of total count
                 A         B        C        D         E       F
            +---------+---------+-------+---------+---------+-------
      Total |      87 |     318 |  78.5 |      33 |      24 |  42.1
            +---------+---------+-------+---------+---------+-------
        D:1 |      27 |       0 |   0.0 |      16 |       0 |   0.0
        D:2 |      26 |       0 |   0.0 |      10 |       0 |   0.0
        D:3 |      34 |      45 |  57.0 |       7 |       5 |  41.7
      Sewer |       0 |     273 | 100.0 |       0 |      19 | 100.0
            +---------+---------+-------+---------+---------+-------
